 Dungeon Crawl Stone Soup version 0.16.2-12-gd0ad4c3 (webtiles) character file.

59240 Kloppie the Warrior (level 14, -1/128 HPs)
             Began as a Merfolk Skald on Oct 28, 2015.
             Was an Elder of Okawaru.
             Slain by a golden dragon simulacrum (26 damage)
             ... in an ice cave.
             The game lasted 01:39:29 (34980 turns).

Kloppie the Warrior (Merfolk Skald)                Turns: 34980, Time: 01:39:29

Health: -1/128     AC: 18    Str: 13    XL:     14   Next: 94%
Magic:  24/25      EV: 32    Int: 13    God:    Okawaru [****..]
Gold:   2363       SH:  0    Dex: 22    Spells: 1 memorised, 16 levels left

rFire  . . .     SeeInvis .     a - +2 spear of the Countless Mice {flame, Dex+2}
rCold  + . .     Clarity  .     c - +1 robe of Cowardice {+Blink rElec rF+}
rNeg   . . .     SustAb   .     (no shield)
rPois  +         Gourm    .     j - +2 helmet of Ru's Hope {rPois}
rElec  +         Spirit   .     F - +0 cloak
rCorr  +         Warding  .     e - +1 pair of gloves
rMut   .         Stasis   .     Z - +0 pair of boots {Fly}
MR     +....                    k - amulet of resist corrosion
Stlth  +++.......               A - ring "Gots" {+Inv rF- rC+ Int+4 Dex+2}
                                h - +5 ring of protection

@: heroism, somewhat resistant to hostile enchantments, fairly stealthy
A: change form in water, swift swim, dopey 1
a: Heroism, Renounce Religion, Evoke Blink, Evoke Invisibility, Evoke Flight


You were in an ice cave.
You worshipped Okawaru.
Okawaru was greatly pleased with you.
You were not hungry.

You visited 5 branches of the dungeon, and saw 25 of its levels.
You also visited: Ice Cave.

You collected 3185 gold pieces.
You spent 822 gold pieces at shops.

Inventory:

Hand weapons
 a - the +2 spear of the Countless Mice (weapon) {flame, Dex+2}
   (You found it on level 4 of the Dungeon)

   It has been specially enchanted to burn those struck by it, causing extra
   injury to most foes and up to half again as much damage against particularly
   susceptible opponents.
   It affects your dexterity (+2).
 b - a +4 bardiche of protection
Armour
 c - the +1 robe of Cowardice (worn) {+Blink rElec rF+}
   (You bought it in a shop on level 1 of the Orcish Mines)

   It protects you from fire.
   It insulates you from electricity.
   It lets you blink.
 e - a +1 pair of gloves (worn)
 g - the +2 buckler of Unambiguity {-Tele rF++ rN+ Int+2}
   (You found it on level 1 of the Lair of Beasts)

   It affects your intelligence (+2).
   It greatly protects you from fire.
   It protects you from negative energy.
   It prevents most forms of teleportation.
 j - the +2 helmet of Ru's Hope (worn) {rPois}
   (You bought it in a shop on level 1 of the Orcish Mines)

   It protects you from poison.
 F - a +0 cloak (worn)
 Z - a +0 pair of boots of flying (worn)
Jewellery
 h - a +5 ring of protection (left hand)
 k - an amulet of resist corrosion (around neck)
 n - a +3 ring of evasion
 A - the ring "Gots" (right hand) {+Inv rF- rC+ Int+4 Dex+2}
   (You took it off a crimson imp on level 9 of the Dungeon)

   [ring of protection from cold]

   It affects your intelligence (+4).
   It affects your dexterity (+2).
   It makes you vulnerable to fire.
   It protects you from cold.
   It lets you turn invisible.
 T - a +3 ring of slaying
Magical devices
 f - a wand of digging (7)
 o - a wand of cold (12)
 w - a wand of magic darts (25)
 E - a wand of confusion (48)
 G - a wand of frost (22)
Scrolls
 i - 5 scrolls of teleportation
 m - a scroll of fear
 r - a scroll of amnesia
 s - a scroll of blinking
 t - a scroll of enchant armour
 v - a scroll of brand weapon {unknown}
 x - a scroll of holy word
 y - 4 scrolls of fog
 z - 4 scrolls of magic mapping
 J - 6 scrolls of remove curse
 M - a scroll of silence
 O - 4 scrolls of recharging
 Q - 4 scrolls of identify
Potions
 l - a potion of cancellation
 p - a potion of restore abilities
 q - 3 potions of might
 B - a potion of berserk rage
 C - 3 potions of haste
 D - a potion of heal wounds
 I - 2 potions of curing
Books
 u - a Fen Folio

   Spells                             Type                      Level
   a - Corpse Rot                     Necromancy                   2
   b - Stone Arrow                    Conjuration/Earth            3
   c - Leda's Liquefaction            Hexes/Earth                  4
   d - Summon Forest                  Summoning/Translocation      5
   e - Hydra Form                     Transmutation                6
   f - Summon Hydra                   Summoning                    7
Comestibles
 d - 7 bread rations


   Skills:
 + Level 17.4(22.4) Fighting
 - Level 15.8(20.8) Polearms
 - Level 6.1(11.1) Armour
 - Level 15.3(20.3) Dodging
 - Level 0.4(5.4) Shields
 - Level 2.0 Spellcasting
 - Level 3.5 Charms
 - Level 7.0 Invocations


You had 16 spell levels left.
You knew the following spells:

 Your Spells              Type           Power        Failure   Level  Hunger
a - Infusion              Chrm           ##....       8%          1    ##.....


Dungeon Overview and Level Annotations

Branches:
Dungeon (11/15)            Temple (1/1) D:6            Lair (7/8) D:8
  Swamp (2/5) Lair:5        Snake (0/5) Lair:6        Slime (0/6) Lair:7
    Orc (4/4) D:10            Elf (0/3) Orc:3

Altars:
Ashenzari
Cheibriados
Dithmenos
Elyvilon
Fedhas
Gozag
Kikubaaqudgha
Makhleb
Nemelex Xobeh
Okawaru
Qazlal
Ru
Sif Muna
Trog
Vehumet
Xom
Yredelemnul
Zin
The Shining One
Beogh
Jiyva

Shops:
D:4 [   Orc:1 ([}   Orc:2 =   Orc:4 (?:}

Annotations:
Lair:3 exclusion: downstairs
Lair:4 exclusion: oklob plant


Innate Abilities, Weirdness & Mutations

You revert to your normal form in water.
You are very nimble and swift while swimming.
You are dopey. (Int -2)


Message History

The golden dragon simulacrum freezes you!!
You resist.
* * * LOW HITPOINT WARNING * * *
The golden dragon simulacrum misses you.
You hit the golden dragon simulacrum.
You melt the golden dragon simulacrum.
You hit the golden dragon simulacrum but do no damage.
You punch the golden dragon simulacrum, but do no damage.
Drink which item? (? for menu, Esc to quit)
You feel much better.
The golden dragon simulacrum completely misses you. x3
You hit the golden dragon simulacrum but do no damage.
Press: ? - help, v - describe, . - travel
Here: a golden dragon simulacrum The floor, spattered with blood.
You hit the golden dragon simulacrum but do no damage.
The golden dragon simulacrum bites you.
* * * LOW HITPOINT WARNING * * *
The golden dragon simulacrum freezes you!!
You resist.
You die...

##≈≈≈#≈≈≈≈≈## ##...## #...#
##≈≈≈≈#≈#≈≈## ###..# ##...
###≈≈≈≈≈≈≈≈####..## ###.
##≈≈≈≈≈≈≈≈≈≈###..## ##
######≈≈≈#≈≈#≈≈≈≈≈###..#
####≈≈≈≈≈≈#####≈≈≈####≈≈.##
##≈≈≈≈≈≈≈###...##≈≈≈#≈≈####
≈≈≈≈≈≈≈≈##..##.Z≈#≈≈≈≈## ###
#≈≈≈≈≈≈##..#####@≈≈#≈≈≈#####≈##
##########..#..#######≈≈≈#≈≈≈≈##
§##Z§§##§..#..#.###.###≈≈≈≈≈≈≈≈#
ZZ.##§§§########.#.Z.###########
######### ##.#.## #####


You could see a golden dragon simulacrum.

Vanquished Creatures
  Maud (Lair:3)
  A ghost crab (Swamp:2)
  A centaur warrior (D:9)
  7 hydras
  5 orc high priests
  4 ice devils (IceCv)
  3 ugly things
  A griffon (Lair:5)
  4 orc sorcerers
  A lindwurm (shapeshifter) (D:9)
  2 black mambas
  4 orc knights (Orc:4)
  3 elephants
  4 komodo dragons
  7 spiny frogs
  4 anaconda simulacra (IceCv)
  4 freezing wraiths (IceCv)
  A fire drake (Lair:7)
  4 giant leeches
  A polar bear (Lair:4)
  4 trolls
  2 boulder beetles (Lair:7)
  9 blink frogs
  2 two-headed ogres
  2 bog bodies (Swamp:2)
  A shadow (Swamp:2)
  2 basilisks
  A dire elephant simulacrum (IceCv)
  46 yaks
  A trapdoor spider (D:9)
  9 hippogriffs
  A wraith (D:10)
  5 hungry ghosts
  A death yak simulacrum (IceCv)
  A deep elf fighter (D:8)
  7 swamp worms
  4 nagas (Lair:6)
  4 wolves (Lair:5)
  5 wargs
  Edmund (D:7)
  21 water moccasins
  A soldier ant (D:10)
  Menkaure (D:7)
  A harpy simulacrum (IceCv)
  2 vampire mosquitoes (Swamp:2)
  3 hydra simulacra (IceCv)
  34 orc warriors
  2 sky beasts
  9 ice beasts
  4 black bears
  8 orc zombies (Orc:4)
  2 swamp drakes
  13 porcupines
  A necrophage (D:9)
  An ettin simulacrum (IceCv)
  4 centaurs
  10 crocodiles
  10 ogres
  2 big kobolds
  The ghost of Gravoth the Shooter, an average SpHu of Ashenzari (D:7)
  Blork the orc (D:8)
  A water moccasin zombie (D:8)
  22 giant frogs
  4 scorpions
  5 killer bees
  2 yak skeletons (Orc:4)
  10 wights (D:8)
  5 draconian simulacra (IceCv)
  4 crimson imps
  3 goliath beetles
  3 giant frog zombies (D:9)
  9 hounds
  37 orc wizards
  A centaur skeleton (D:4)
  3 giant frog skeletons
  4 jellies
  A wasp zombie (D:6)
  5 iguanas
  A polar bear simulacrum (IceCv)
  24 orc priests
  A troll simulacrum (IceCv)
  9 worker ants
  A wolf simulacrum (IceCv)
  A killer bee zombie (D:9)
  23 sheep
  Jessica (D:3)
  2 centaur simulacra (IceCv)
  A hound zombie (D:7)
  Terence (D:3)
  A mummy (D:9)
  A hound skeleton (D:8)
  2 worker ant zombies
  Robin (D:3)
  An ogre simulacrum (IceCv)
  17 gnolls
  25 adders
  52 river rats
  A shadow imp (D:9)
  A naga simulacrum (IceCv)
  A giant mite (D:6)
  4 white imps (IceCv)
  2 worms (D:2)
  7 ufetubi (IceCv)
  An adder zombie (D:7)
  An ooze (D:5)
  173 orcs
  2 ball pythons
  3 giant cockroaches
  23 hobgoblins
  21 jackals
  15 quokkas
  19 bats
  6 giant geckos
  7 giant newts
  A giant spore (D:9)
  32 goblins
  25 kobolds
  16 rats
  6 rat skeletons (Orc:4)
  3 ballistomycetes (D:9)
955 creatures vanquished.

Vanquished Creatures (others)
  An orc (Orc:4)
  4 rat skeletons (Orc:4)
  8 fungi
  2 plants
15 creatures vanquished.

Grand Total: 970 creatures vanquished

Notes
Turn   | Place    | Note
--------------------------------------------------------------
     0 | D:1      | Kloppie, the Merfolk Skald, began the quest for the Orb.
     0 | D:1      | Reached XP level 1. HP: 16/16 MP: 3/3
   210 | D:1      | Reached XP level 2. HP: 23/23 MP: 4/4
   297 | D:1      | Reached skill level 4 in Polearms
   484 | D:1      | Reached XP level 3. HP: 24/28 MP: 6/6
   972 | D:2      | Found a snail-covered altar of Cheibriados.
  1463 | D:2      | Reached XP level 4. HP: 20/35 MP: 7/7
  1578 | D:2      | Found a blossoming altar of Fedhas.
  1943 | D:2      | Reached skill level 5 in Polearms
  2565 | D:2      | Reached XP level 5. HP: 3/42 MP: 9/9
  3500 | D:3      | Reached skill level 6 in Polearms
  3800 | D:3      | Noticed Terence
  3888 | D:3      | Killed Terence
  3893 | D:3      | Reached XP level 6. HP: 50/50 MP: 10/10
  3975 | D:3      | Reached skill level 5 in Fighting
  3995 | D:3      | Noticed Jessica
  4016 | D:3      | Killed Jessica
  4235 | D:3      | Reached skill level 7 in Polearms
  4617 | D:4      | Noticed Robin
  4628 | D:3      | Killed Robin
  5005 | D:4      | Found Houxkyuf's Armour Shoppe.
  5066 | D:4      | Reached XP level 7. HP: 32/57 MP: 12/12
  5260 | D:4      | Reached skill level 8 in Polearms
  5466 | D:4      | Got an iridescent spear
  5963 | D:4      | Identified the +2 spear of the Countless Mice {flame, Dex+2} (You found it on level 4 of the Dungeon)
  6053 | D:5      | Entered Level 5 of the Dungeon
  6295 | D:5      | Reached skill level 9 in Polearms
  6400 | D:5      | Found an ancient bone altar of Kikubaaqudgha.
  6986 | D:5      | Reached XP level 8. HP: 63/67 MP: 13/13
  7868 | D:5      | Reached skill level 10 in Polearms
  8738 | D:6      | Reached skill level 11 in Polearms
  8858 | D:6      | Found a staircase to the Ecumenical Temple.
  8863 | Temple   | Entered the Ecumenical Temple
  8922 | Temple   | Became a worshipper of Warmaster Okawaru
  9273 | D:7      | Reached XP level 9. HP: 75/75 MP: 14/14
  9284 | D:7      | Noticed Edmund
  9305 | D:7      | Killed Edmund
  9674 | D:7      | Reached skill level 12 in Polearms
  9757 | D:7      | Noticed Menkaure
  9989 | D:7      | Killed Menkaure
 10030 | D:7      | Noticed Gravoth's ghost (average SpHu)
 10038 | D:7      | Killed Gravoth's ghost
 10055 | D:7      | Acquired Okawaru's first power
 10085 | D:7      | Reached skill level 10 in Fighting
 10363 | D:7      | Found an iron altar of Okawaru.
 10759 | D:8      | Reached skill level 13 in Polearms
 10759 | D:8      | Reached skill level 1 in Invocations
 10971 | D:8      | Reached XP level 10. HP: 83/85 MP: 16/16
 11265 | D:8      | Reached skill level 5 in Dodging
 11339 | D:8      | Reached skill level 14 in Polearms
 11364 | D:8      | Noticed Blork the orc
 11386 | D:8      | Killed Blork the orc
 11930 | D:8      | Found a staircase to the Lair.
 12035 | Lair:1   | Entered Level 1 of the Lair of Beasts
 12444 | Lair:1   | Received a gift from Okawaru
 12444 | Lair:1   | Reached skill level 15 in Polearms
 12461 | Lair:1   | Got a smoking buckler
 13259 | Lair:1   | HP: 2/85 [poisoned by a spiny frog]
 13680 | Lair:1   | Reached XP level 11. HP: 78/90 MP: 17/17
 14176 | Lair:1   | Reached skill level 10 in Dodging
 14860 | Lair:2   | Acquired Okawaru's second power
 15415 | Lair:3   | Noticed an eight-headed hydra
 16888 | Lair:3   | Noticed Maud
 16930 | Lair:2   | Reached XP level 12. HP: 27/102 MP: 16/18
 17408 | D:9      | Received a gift from Okawaru
 17413 | D:9      | Got a scorched spear {god gift}
 17592 | D:9      | Got a smoking turquoise ring
 17657 | D:9      | Noticed a centaur warrior
 17740 | D:9      | Killed a centaur warrior
 18459 | D:9      | Paralysed by an orc wizard for 7 turns
 18968 | D:10     | Entered Level 10 of the Dungeon
 18984 | D:10     | Identified the +7 spear "Foataomaqi" {flame, *Rage Noisy +Rage rN+ SInv} (Okawaru gifted it to you on level 9 of the Dungeon)
 18987 | D:10     | Identified the ring "Gots" {+Inv rF- rC+ Int+4 Dex+2} (You took it off a crimson imp on level 9 of the Dungeon)
 18988 | D:10     | Identified the +2 buckler of Unambiguity {-Tele rF++ rN+ Int+2} (You found it on level 1 of the Lair of Beasts)
 19221 | D:10     | Received a gift from Okawaru
 19463 | D:10     | Found a staircase to the Orcish Mines.
 20356 | D:11     | Noticed an ogre mage
 20700 | Lair:3   | Killed Maud
 21148 | Lair:3   | Killed an eight-headed hydra
 21403 | Lair:4   | Reached XP level 13. HP: 97/113 MP: 21/21
 21453 | Lair:4   | Reached skill level 5 in Invocations
 22068 | Lair:4   | Received a gift from Okawaru
 22772 | Lair:5   | Found a staircase to the Swamp.
 24163 | Lair:6   | Found a staircase to the Snake Pit.
 24223 | Lair:6   | Reached skill level 15 in Fighting
 25456 | Lair:7   | Found a viscous altar of Jiyva.
 25457 | Lair:7   | Found a staircase to the Slime Pits.
 25560 | Lair:7   | Reached skill level 15 in Dodging
 26880 | Lair:1   | Identified a +0 rod of clouds (9/9) (You found it on level 5 of the Lair of Beasts)
 26900 | Lair:1   | Identified a scroll of acquirement
 27007 | Orc:1    | Entered Level 1 of the Orcish Mines
 27024 | Orc:1    | Found Pyurgh's Antique Armour Emporium.
 27049 | Orc:1    | Bought a warped robe for 165 gold pieces
 27049 | Orc:1    | Bought a shimmering helmet for 275 gold pieces
 27049 | Orc:1    | Identified the +1 robe of Cowardice {+Blink rElec rF+} (You bought it in a shop on level 1 of the Orcish Mines)
 27050 | Orc:1    | Identified the +2 helmet of Ru's Hope {rPois} (You bought it in a shop on level 1 of the Orcish Mines)
 27122 | Orc:1    | Found Ommaphuf's Antique Weapon Shop.
 27289 | Orc:1    | Found Ukkitah's Gadget Shop.
 27392 | Orc:1    | Reached skill level 1 in Armour
 27766 | Orc:2    | Found Plazau's Jewellery Emporium.
 27769 | Orc:2    | Bought the ring of Brap {SustAb Stlth+} for 382 gold pieces
 27811 | Orc:2    | Found an iron altar of Okawaru.
 28136 | Orc:3    | Received a gift from Okawaru
 28136 | Orc:3    | Reached XP level 14. HP: 76/123 MP: 25/25
 28216 | Orc:3    | Found a staircase to the Elven Halls.
 28406 | Orc:3    | Found a roughly hewn altar of Beogh.
 29023 | Orc:4    | Entered Level 4 of the Orcish Mines
 30256 | Orc:4    | Reached skill level 5 in Armour
 30399 | Orc:4    | Gained mutation: You are dopey. (Int -2) [a neqoxec]
 30432 | Orc:4    | Received a gift from Okawaru
 30479 | Orc:4    | Found Ywoskal's Gadget Boutique.
 30487 | Orc:4    | Found Futhroir's Book Shoppe.
 30543 | Orc:4    | Found Fraesixum's Magic Scroll Boutique.
 30884 | Orc:4    | Found Ehah's Antique Weapon Shoppe.
 31216 | Swamp:1  | Entered Level 1 of the Swamp
 32225 | Swamp:1  | Reached skill level 16 in Fighting
 32635 | Swamp:2  | Found a frozen archway.
 32681 | IceCv    | Entered an ice cave
 33373 | IceCv    | Reached skill level 17 in Fighting
 34126 | IceCv    | HP: 5/128 [golden dragon simulacrum (22)]
 34974 | IceCv    | HP: 4/128 [golden dragon simulacrum (21)]
 34980 | IceCv    | Slain by a golden dragon simulacrum

Action                   |  1- 3 |  4- 6 |  7- 9 | 10-12 | 13-15 || total
-------------------------+-------+-------+-------+-------+-------++-------
Melee: Spear             |   138 |   435 |   148 |    37 |   134 ||   892
       Unarmed           |       |     6 |       |       |       ||     6
       Halberd           |       |       |   440 |   148 |       ||   588
       Glaive            |       |       |       |  1070 |   560 ||  1630
       Bardiche          |       |       |       |       |   979 ||   979
Throw: Javelin           |       |       |       |     1 |       ||     1
Invok: Heroism           |       |       |       |    12 |    14 ||    26
       Finesse           |       |       |       |       |     4 ||     4
 Abil: Stop Flying       |       |       |       |       |     1 ||     1
Evoke: Wand              |       |       |     1 |       |     1 ||     2
  Use: Scroll            |       |     8 |    10 |    17 |     7 ||    42
       Potion            |       |       |     1 |     5 |     4 ||    10
 Stab: Confused          |       |     1 |     2 |       |       ||     3
       Distracted        |       |       |     1 |       |     3 ||     4
       Sleeping          |       |       |       |       |     8 ||     8
  Eat: Chunk             |     2 |     7 |    20 |    28 |    30 ||    87
       Bread ration      |       |     1 |       |       |     3 ||     4
       Beef jerky        |       |       |       |     4 |     1 ||     5
       Fruit             |       |       |       |     2 |       ||     2
       Pizza             |       |       |       |     1 |     2 ||     3
